 Dungeon Crawl Stone Soup version 0.28-a0-620-g539b0f7ac7 (webtiles) character file.

Game seed: 5726303526674451933

127 MisterAzrael the Chopper (level 5, -4/46 HPs)
             Began as a Hill Orc Fighter on Oct 6, 2021.
             Was a Follower of Yredelemnul.
             Slain by a gnoll sergeant (9 damage)
             ... on level 3 of the Dungeon.
             The game lasted 00:04:31 (2735 turns).

MisterAzrael the Chopper (Hill Orc Fighter)         Turns: 2735, Time: 00:04:31

Health: -4/46      AC: 11    Str: 20    XL:     5   Next: 11%
Magic:  1/7        EV:  5    Int:  8    God:    Yredelemnul [*.....]
Gold:   150        SH:  4    Dex: 10    Spells: 4/4 levels left

rFire   . . .      SeeInvis .   a - +0 war axe
rCold   . . .      Faith    .   c - +0 buckler
rNeg    . . .      Spirit   .   h - +0 plate armour
rPois   .          Reflect  .   (no helmet)
rElec   .          Harm     .   (no cloak)
rCorr   .          Rampage  .   (no gloves)
Will    .....                   (no boots)
Stlth   ..........              (no amulet)
HPRegen 0.15/turn               (no ring)
MPRegen 0.10/turn               (no ring)

@: hasted, very quick
A: no striking features
a: Renounce Religion, Animate Remains


You were on level 3 of the Dungeon.
You worshipped Yredelemnul.
Yredelemnul was aware of your devotion.
You visited 1 branch of the dungeon, and saw 3 of its levels.

You collected 150 gold pieces.

Inventory:

Hand Weapons
 a - a +0 war axe (weapon)
Armour
 b - a +0 scale mail
 c - a +0 buckler (worn)
 h - a +0 plate armour (worn)
Jewellery
 j - a ring of protection from cold
Scrolls
 d - a scroll of identify {unknown}
 e - 2 scrolls of magic mapping {unknown}
 g - a scroll of blinking {unknown}
 i - a scroll of teleportation {unknown}


   Skills:
 - Level 4.0 Fighting
 + Level 5.1 Axes
 - Level 3.3 Armour
 - Level 0.2 Dodging
 - Level 3.4 Shields
 + Level 3.3 Invocations


You had 4 spell levels left.
You didn't know any spells.
Your spell library contained the following spells:

 Spells                   Type           Power      Damage    Failure   Level
 Ensorcelled Hibernation  Hex/Ice        0%         N/A       100%        2
 Passwall                 Tmut/Erth      0%         N/A       100%        2
 Swiftness                Air            0%         N/A       100%        3
 Tukima's Dance           Hex            0%         N/A       100%        3
 Invisibility             Hex            0%         N/A       100%        6


Dungeon Overview and Level Annotations

Branches:
Dungeon (3/15)

Altars:
Yredelemnul


Message History

The gnoll sergeant is moderately wounded.
You hit the gnoll but do no damage.
The gnoll sergeant hits you with a +1 antimagic spear.
You block the gnoll's attack.
You hit the gnoll sergeant.
The gnoll sergeant is moderately wounded.
Your plate armour prevents you from hitting the gnoll.
You block the gnoll sergeant's attack.
You barely miss the gnoll sergeant.
The gnoll sergeant is moderately wounded.
You slash the gnoll! You block the gnoll's attack.
The gnoll sergeant barely misses you.
You closely miss the gnoll sergeant.
The gnoll sergeant is moderately wounded.
You hit the gnoll.
You kill the gnoll!
Yredelemnul accepts your kill.
You closely miss the gnoll sergeant.
The gnoll sergeant is moderately wounded.
The gnoll sergeant hits you with a +1 antimagic spear.
You feel your power leaking away.
You slash the gnoll sergeant!
The gnoll sergeant is severely wounded.
The gnoll sergeant hits you with a +1 antimagic spear!
* * * LOW HITPOINT WARNING * * *
You hit the gnoll sergeant but do no damage.
The gnoll sergeant is severely wounded.
The gnoll sergeant hits you with a +1 antimagic spear.
* * * LOW HITPOINT WARNING * * *
You hit the gnoll sergeant but do no damage.
The gnoll sergeant is severely wounded.
The gnoll sergeant hits you with a +1 antimagic spear.
* * * LOW HITPOINT WARNING * * *
You barely miss the gnoll sergeant.
The gnoll sergeant is severely wounded.
You hit the gnoll sergeant.
The gnoll sergeant is almost dead.
The gnoll sergeant hits you with a +1 antimagic spear!
You die...
Your body rises from the dead as a mindless zombie.

######....#
#.........#.
###...........
g.....#....
....#..# ###)...#
#...)g#
########...)##
##..(......#g@##
##..#####...##..#
#..## #..#####.#
##.## #.## ...
##..# #)# ####
#..## ####)# [.##
#....# .##
#..#### .# #..


You could see a gnoll sergeant.

Vanquished Creatures
  An orc wizard (D:3)
  2 gnolls (D:3)
  An adder (D:2)
  2 worms
  A dart slug (D:1)
  4 orcs (D:3)
  An endoplasm (D:2)
  4 giant cockroaches (D:1)
  4 goblins
  2 hobgoblins (D:1)
  3 jackals (D:1)
  4 kobolds
  3 quokkas
  5 ball pythons
  3 bats (D:2)
  3 frilled lizards
  3 rats
  4 toadstools (D:1)
50 creatures vanquished.

Vanquished Creatures (collateral kills)
  A gnoll (D:3)
  A worm (D:2)
  A hobgoblin (D:2)
  A quokka (D:2)
  A frilled lizard (D:2)
  A rat (D:2)
6 creatures vanquished.

Vanquished Creatures (others)
  A bat zombie (D:2)
  A gnoll zombie (D:3)
  2 orc zombies (D:3)
  A fungus (D:1)
  A plant (D:1)
  4 toadstools (D:3)
10 creatures vanquished.

Grand Total: 66 creatures vanquished

Notes
Turn   | Place    | Note
-------+----------+-------------------------------------------
     0 | D:1      | MisterAzrael the Hill Orc Fighter began the quest for the
                  | Orb.
     0 | D:1      | Reached XP level 1. HP: 19/19 MP: 1/1
   197 | D:1      | Reached XP level 2. HP: 27/27 MP: 2/2
   243 | D:1      | Reached skill level 3 in Axes
   384 | D:1      | Found a faded altar of an unknown god.
   410 | D:1      | Became a worshipper of Yredelemnul the Dark
   410 | D:1      | Reached * piety under Yredelemnul
   736 | D:1      | Reached XP level 3. HP: 13/33 MP: 3/3
  1399 | D:2      | Reached skill level 1 in Invocations
  1678 | D:2      | Reached skill level 4 in Axes
  2018 | D:2      | Reached XP level 4. HP: 40/40 MP: 5/5
  2711 | D:3      | Noticed a gnoll sergeant
  2722 | D:3      | Reached skill level 5 in Axes
  2722 | D:3      | Reached XP level 5. HP: 40/46 MP: 7/7
  2735 | D:3      | Slain by a gnoll sergeant

Illustrated notes

Levels and vault maps discovered:
D:1:      ldierk_water_garden, layout_basic, dreamdust_ecumenical_altar_grove,
          minmay_misc_feat_alley, st_stairs_4, minivault_4
D:2:      layout_basic, minmay_misc_feat_room, grunt_decor_resistance
D:3:      layout_rooms, minmay_gold_behind_fungi

Skill      XL: |  1  2  3  4 |
---------------+-------------+-----
Fighting       | 4 |  4.0
Axes           | 3 4 5 |  5.1
Invocations    | 2 3 |  3.3
Armour         | |  3.3
Dodging        | |  0.2
Shields        | |  3.4

Action                   |  1- 3 |  4- 6 || total
-------------------------+-------+-------++-------
Melee: War axe           |    94 |    42 ||   136
Invok: Animate Remains   |     7 |     5 ||    12
  Use: Potion            |     1 |     2 ||     3
Armor: Scale mail        |    42 |     2 ||    44
       Plate armour      |       |    15 ||    15
Dodge: Dodged            |    44 |     6 ||    50
Block: Buckler           |    14 |     6 ||    20

Table legend: (Time is in decaauts)
 A = Elapsed time spent in this place.
 B = Non-inter-level travel time spent in this place.
 C = Inter-level travel time spent in this place.
 D = Time resting spent in this place.
 E = Time spent auto-exploring this place.
 F = Levels seen in this place.
 G = Mean time per level.
                   A        B        C        D        E       F      G
               +--------+--------+--------+--------+--------+-----+--------+
         Total |   2775 |   2703 |     72 |    243 |   1989 |   3 |  925.0 |
       Dungeon |   2775 |   2703 |     72 |    243 |   1989 |   3 |  925.0 |
               +--------+--------+--------+--------+--------+-----+--------+

Top non-repeatable levels by time:
     D:1: 1276 daAuts
     D:2: 1216 daAuts
     D:3: 282 daAuts
